Map: Data-C

Players

Bunny

  • Race: Terran Terran
  • League: Silver
  • Spawn Location: 9:00

GuMiho - Winner!

  • Race: Terran Terran
  • League: Master
  • Spawn Location: 3:00

VOD

Have the link to the VOD?

Description

Time

  • Played on: Nov. 3, 2022, 7:29 a.m.
  • Length: 13:53
Show
View Real Time Build Order
Export as new Build Order

Bunny Terran 

Build Orders:  

Get SALT Encoding   

  12  0:00  SCV  
  13  0:12  SCV  
  14  0:17  Supply Depot  
  14  0:24  SCV  
  15  0:38  SCV  
  15  0:41  Barracks  
  16  0:43  Refinery  
  16  0:51  SCV  
  16  0:52  Refinery  
  17  1:03  SCV  
  18  1:15  SCV  
  19  1:28  Reaper, Orbital Command  
  20  1:34  Supply Depot  
  20  1:44  Factory  
  20  1:54  SCV  
  20  2:01  Reaper  
  22  2:06  SCV  
  23  2:18  SCV  
  24  2:23  Command Center  
  24  2:31  Hellion  
  24  2:34  SCV  
  28  2:43  Barracks Reactor, Starport  
  27  2:46  SCV  
  28  2:53  Factory Tech Lab  
  28  2:56  Supply Depot  
  28  3:00  SCV  
  29  3:12  SCV  
  29  3:23  Marine  
  29  3:24  Marine  
  32  3:27  SCV  
  32  3:28  Medivac  
  32  3:30  Siege Tank  
  35  3:35  Orbital Command  
  35  3:37  Refinery  
  35  3:40  SCV  
  36  3:41  Marine x2  
  36  3:47  Supply Depot  
  38  3:52  SCV  
  39  3:58  Starport Tech Lab  
  39  3:59  Marine x2  
  39  4:02  SCV  
  42  4:04  SCV  
  42  4:08  Siege Tank  
  46  4:17  SCV, Marine x2  
  46  4:18  SCV  
  49  4:24  Raven  
  48  4:32  SCV x2  
  48  4:41  Marine x2  
  48  4:50  SCV x2, Siege Tank  
  51  4:58  Marine  
  51  4:59  Marine  
  48  5:02  SCV  
  48  5:03  SCV  
  48  5:05  Supply Depot  
  50  5:12  Raven  
  52  5:15  SCV  
  52  5:16  SCV, Marine x2  
  52  5:20  Command Center  
  56  5:30  SCV  
  56  5:31  SCV  
  56  5:33  Refinery  
  56  5:34  Marine  
  56  5:35  Marine  
  63  5:36  Cyclone  
  63  5:44  Supply Depot, SCV  
  63  5:45  SCV  
  65  5:58  SCV  
  65  5:59  SCV  
  65  6:01  Barracks  
  65  6:02  Barracks  
  67  6:08  Siege Tank  
  67  6:10  Supply Depot  
  70  6:13  Stimpack  
  70  6:17  Viking x2, Marine, SCV x2  
  77  6:24  Supply Depot  
  77  6:29  SCV  
  77  6:31  SCV  
  77  6:32  Orbital Command  
  79  6:34  Marine  
  80  6:40  Siege Tank  
  80  6:42  SCV  
  80  6:43  SCV  
  85  6:47  Viking  
  85  6:50  Viking  
  89  6:55  Marine  
  89  6:57  SCV x2, Orbital Command  
  92  7:05  Barracks Reactor x2  
  92  7:06  Supply Depot  
  92  7:09  SCV x2  
  92  7:12  Engineering Bay  
  92  7:14  Engineering Bay, Siege Tank  
  97  7:19  Viking  
  99  7:24  Viking  
  99  7:31  SCV x3  
  98  7:43  SCV x3  
  101  7:44  Marine x5  
  101  7:48  Siege Tank  
  108  7:52  Viking  
  107  7:59  Viking  
  107  8:02  Sensor Tower  
  107  8:04  SCV x2  
  106  8:06  SCV  
  106  8:10  Terran Infantry Armor Level 1  
  106  8:16  SCV x2  
  106  8:18  SCV  
  111  8:28  SCV  
  111  8:29  SCV, Combat Shield  
  111  8:30  SCV  
  111  8:31  Barracks  
  111  8:33  Refinery, Barracks  
  112  8:35  Refinery  
  112  8:37  Marine  
  112  8:38  Marine x2  
  117  8:42  SCV x2  
  117  8:45  Supply Depot x2  
  117  8:59  Supply Depot  
  117  9:06  SCV x3, Medivac, Terran Infantry Weapons Level 1, Siege Tank  
  117  9:07  Medivac, Marine x5  
  132  9:12  Supply Depot  
  132  9:13  Supply Depot  
  132  9:18  SCV  
  132  9:19  Barracks Reactor  
  132  9:20  Barracks Reactor  
  132  9:21  SCV x2  
  132  9:22  Armory  
  135  9:31  Marine x2  
  135  9:32  Marine x3  
  135  9:33  SCV  
  135  9:35  SCV  
  135  9:36  SCV  
  135  9:37  Supply Depot  
  143  9:38  Medivac, Siege Tank  
  143  9:40  Medivac  
  143  9:45  SCV  
  148  9:49  Marine x4  
  148  9:50  Marine  
  153  9:59  Command Center  
  153  10:00  Marine  
  153  10:01  Marine x3  
  153  10:06  Supply Depot  
  155  10:07  Marine x3  
  155  10:08  Marine x2  
  155  10:13  Siege Tank  
  155  10:14  Medivac  
  165  10:27  Missile Turret, Marine x7  
  165  10:28  Medivac, Marine  
  173  10:31  Missile Turret  
  173  10:35  Terran Infantry Armor Level 2  
  173  10:36  Terran Vehicle Weapons Level 1  
  173  10:37  Supply Depot  
  173  10:49  Marine  
  173  10:58  Siege Tank, Marine x6  
  173  11:01  Marine x2  
  179  11:07  Marine  
  161  11:13  Factory  
  161  11:16  Marine x6  
  161  11:18  Medivac x2  
  171  11:19  Marine x2  
  171  11:25  Marine  
  112  11:34  Marine x6  
  112  11:35  Siege Tank  
  112  11:36  Marine x2  
  114  11:42  Marine  
  114  11:43  Planetary Fortress  
  114  11:45  SCV x3  
  115  11:48  Medivac x2  
  115  11:51  Marine x2  
  115  11:53  Marine x3  
  115  11:54  Marine x3  
  125  11:58  Sensor Tower  
  125  12:00  Factory Tech Lab, Marine  
  128  12:04  Barracks  
  128  12:07  Barracks  
  128  12:08  Barracks  
  128  12:11  Siege Tank  
  128  12:15  Marine x4  
  134  12:16  Marine  
  137  12:22  Siege Tank  
  137  12:27  Marine  
  137  12:28  Marine x3  
  139  12:33  Medivac, Marine x3  
  139  12:34  Medivac, Marine  
  139  12:43  Siege Tank  
  142  12:44  Marine  
  142  12:45  Marine  
  142  12:46  Marine  
  123  12:54  Siege Tank  
  106  13:01  Marine x6  
  106  13:02  Marine  
  106  13:03  Marine x2  
  107  13:09  Marine x2  
  109  13:12  Marine  
  109  13:15  Siege Tank  
  109  13:19  Marine  
Show
View Real Time Build Order
Export as new Build Order

GuMiho Terran - Winner!

Build Orders: Gas First Reaper Expand 

Get SALT Encoding   

  12  0:00  SCV  
  13  0:12  SCV  
  14  0:17  Supply Depot  
  14  0:24  SCV  
  14  0:28  Refinery  
  15  0:38  SCV  
  16  0:44  Barracks  
  16  0:50  SCV  
  17  1:02  SCV  
  18  1:14  SCV  
  19  1:30  Orbital Command  
  19  1:31  Reaper  
  20  1:41  Command Center  
  20  1:52  Factory  
  20  1:56  SCV  
  21  2:03  Refinery  
  21  2:06  Barracks Reactor  
  21  2:09  SCV  
  21  2:13  Supply Depot  
  22  2:21  SCV  
  23  2:34  SCV  
  23  2:36  Starport  
  24  2:40  Widow Mine  
  24  2:42  Marine x2  
  28  2:46  SCV  
  29  2:57  Orbital Command  
  29  2:59  SCV  
  29  3:00  Marine  
  29  3:02  Marine  
  32  3:05  Factory Tech Lab  
  32  3:11  SCV  
  33  3:19  Medivac  
  32  3:20  Marine x2  
  32  3:29  Cyclone, SCV  
  32  3:31  SCV  
  37  3:40  Supply Depot, Marine  
  37  3:41  Marine  
  38  3:45  SCV  
  38  3:46  SCV  
  41  3:48  Refinery  
  41  3:51  Starport Tech Lab  
  41  3:58  Marine  
  41  3:59  Marine  
  41  4:01  Cyclone  
  46  4:04  SCV x2  
  46  4:09  Supply Depot  
  48  4:14  Banshee  
  51  4:17  SCV  
  51  4:19  Marine  
  51  4:22  Marine  
  54  4:30  SCV  
  55  4:37  Marine  
  54  4:40  Marine  
  51  4:53  SCV x2  
  51  4:55  Marine  
  51  4:57  Marine  
  51  4:58  Raven  
  54  5:05  SCV x2  
  56  5:10  Supply Depot  
  56  5:11  Siege Tank  
  56  5:12  Marine  
  60  5:17  SCV  
  60  5:19  SCV  
  62  5:22  Supply Depot  
  62  5:31  SCV x2, Marine  
  65  5:41  Raven  
  67  5:43  SCV  
  67  5:46  Command Center  
  67  5:48  Siege Tank, Marine  
  67  5:49  Marine  
  73  5:51  SCV  
  73  5:55  SCV  
  74  6:04  SCV  
  74  6:05  Marine  
  74  6:07  Marine  
  74  6:08  Supply Depot x2, SCV  
  78  6:16  Barracks x2  
  78  6:21  Engineering Bay  
  78  6:23  Engineering Bay  
  78  6:32  Supply Depot, SCV x2  
  80  6:38  Viking x2, Stimpack  
  80  6:39  Refinery  
  84  6:46  Marine  
  88  6:51  Terran Infantry Armor Level 1, Terran Infantry Weapons Level 1  
  88  6:52  SCV x2  
  87  7:04  SCV x2  
  87  7:06  Barracks Reactor x2  
  89  7:11  Siege Tank  
  89  7:12  Barracks, Marine  
  89  7:14  Barracks  
  93  7:16  SCV x2  
  95  7:26  Orbital Command  
  95  7:28  SCV  
  95  7:29  SCV  
  96  7:30  Viking x2, Marine  
  100  7:41  SCV x2  
  100  7:44  Siege Tank  
  101  7:47  Marine  
  102  7:53  SCV x2  
  104  8:00  Viking  
  104  8:01  Marine x3  
  104  8:04  Marine  
  104  8:05  SCV x2, Marine  
  111  8:06  SCV  
  111  8:09  Supply Depot  
  111  8:10  Supply Depot  
  111  8:11  Barracks Reactor x2, Supply Depot  
  114  8:17  SCV  
  114  8:18  Missile Turret, Combat Shield  
  114  8:19  Marine x2  
  117  8:24  Armory  
  117  8:31  SCV x2  
  117  8:32  Medivac x2  
  123  8:37  Command Center  
  123  8:43  Refinery x2  
  123  8:44  SCV x3  
  126  8:48  Supply Depot  
  126  8:49  Supply Depot  
  126  8:52  Supply Depot  
  126  8:57  SCV x2  
  126  8:58  SCV  
  126  9:02  Medivac  
  131  9:09  SCV x2  
  133  9:10  SCV  
  133  9:12  Terran Infantry Armor Level 2, Terran Infantry Weapons Level 2  
  133  9:13  Marine x3  
  133  9:14  Marine x3  
  133  9:16  Marine  
  141  9:17  Marine  
  141  9:19  Marine  
  143  9:29  Siege Tank  
  143  9:31  Supply Depot x2, Marine  
  146  9:38  Marine  
  146  9:39  Marine x6  
  146  9:45  Medivac x2  
  158  9:50  Factory  
  157  9:56  Marine  
  157  9:57  Marine x7  
  157  9:58  Barracks Reactor  
  157  9:59  Planetary Fortress  
  162  10:09  Siege Tank  
  165  10:14  Marine x3  
  165  10:15  Medivac, Marine  
  165  10:16  Marine x2  
  165  10:19  Marine x2  
  174  10:22  SCV  
  174  10:23  SCV x2  
  174  10:25  Barracks x2  
  174  10:26  Barracks  
  177  10:30  Medivac  
  177  10:32  Marine x4  
  177  10:34  Marine x2  
  185  10:39  Missile Turret, Marine x3  
  185  10:41  Marine  
  188  10:45  Medivac  
  190  10:50  Marine x4  
  190  10:54  Marine  
  190  10:56  Marine  
  190  10:57  Siege Tank x2, Marine  
  190  10:59  Marine x2  
  190  11:00  Marine  
  179  11:10  Marine x4  
  172  11:12  Marine  
  172  11:13  Marine x2  
  172  11:14  Marine x2  
  172  11:15  Marine  
  172  11:17  Marine x2  
  172  11:18  Marine  
  144  11:27  Marine  
  144  11:28  Marine  
  144  11:29  Siege Tank x2  
  144  11:31  Marine  
  144  11:32  Marine x6  
  140  11:33  Marine  
  140  11:35  Marine x3  
  140  11:37  Medivac x2  
  146  11:45  Marine x2  
  146  11:48  Command Center  
  146  11:49  Marine x3  
  146  11:50  Marine  
  150  12:00  Marine x4  
  155  12:01  Siege Tank x2  
  155  12:02  Barracks Reactor x3  
  155  12:07  Marine x5  
  165  12:08  Marine  
  165  12:11  Medivac  
  168  12:16  Medivac  
  168  12:19  Supply Depot  
  168  12:21  Marine x3  
  168  12:22  Marine  
  174  12:26  Marine  
  174  12:27  Marine x4  
  172  12:35  SCV x2  
  168  12:37  Siege Tank x2  
  168  12:40  Marine x2  
  168  12:41  Medivac  
  168  12:42  Marine x2  
  179  12:50  Marine  
  179  12:51  Marine x6  
  167  12:52  Marine x3  
  167  12:54  Marine x2  
  167  12:58  Marine  
  164  12:59  Marine  
  155  13:06  Marine x2  
  155  13:08  Marine x2  
  155  13:09  Marine x3  
  162  13:15  Siege Tank x2  
  163  13:21  Marine x2  
  163  13:22  Marine x2  
  163  13:23  Marine x3  
  159  13:25  Marine x3  
  159  13:27  Marine x2  
  159  13:28  Marine  
Tags
 
Add a new tag
Caveats
  • Supply blocks, unpowered buildings, or Contaminate may cause inaccurate times.
  • Supply counts are checked every 10 seconds.